 Dungeon Crawl Stone Soup version 0.29.1-12-g30fa7ad0bf (webtiles) character file.

Game seed: 10201011902364351330

81 wormed the Sneak (level 4, -4/29 HPs)
             Began as a Kobold Delver on Dec 22, 2022.
             Slain by a gnoll
             ... wielding a +0 flail
              (7 damage)
             ... on level 3 of the Dungeon.
             The game lasted 00:03:49 (1010 turns).

wormed the Sneak (Kobold Delver)                    Turns: 1010, Time: 00:03:50

Health: -4/29      AC:  3    Str:  9    XL:     4   Next: 68%
Magic:  4/4        EV: 15    Int: 11    God:
Gold:   42         SH:  0    Dex: 18    Spells: 3/3 levels left

rFire   . . .      SeeInvis .   a - +0 short sword
rCold   . . .      Faith    .   (no shield)
rNeg    . . .      Spirit   .   b - +0 leather armour
rPois   .          Reflect  .   (no helmet)
rElec   .          Harm     .   (no cloak)
rCorr   .          Rampage  .   (no gloves)
Will    .....                   (no boots)
Stlth   +++++.....              (no amulet)
HPRegen 0.09/turn               (no ring)
MPRegen 0.09/turn               (no ring)

@: no status effects
A: small, no large weapons, nightstalker 3
a: no special abilities


You were on level 3 of the Dungeon.
You visited 2 branches of the dungeon, and saw 4 of its levels.

You collected 42 gold pieces.

Inventory:

Hand Weapons
 a - a +0 short sword (weapon)
Missiles
 e - 2 throwing nets (quivered)
Armour
 b - a +0 leather armour (worn)
Wands
 g - a wand of digging (3)
Scrolls
 d - a scroll of identify {unknown}
 f - a scroll of enchant armour {unknown}


   Skills:
 + Level 4.0 Fighting
 + Level 3.8 Short Blades
 + Level 3.4 Dodging
 + Level 7.2 Stealth


You had 3 spell levels left.
You didn't know any spells.
Your spell library contained the following spells:

 Spells                   Type           Power      Damage    Failure   Level
 Static Discharge         Conj/Air       0%         3-3/arc   58%         2
 Lightning Bolt           Conj/Air       0%         1d11      100%        5
 Maxwell's Capacitive Co  Air            0%         ∞         100%        8


Dungeon Overview and Level Annotations

Branches:
Dungeon (5/15)             Temple (1/1) D:4

Altars:
Ashenzari
Cheibriados
Elyvilon
Fedhas
Gozag
Hepliaklqana
Okawaru
Qazlal
Ru
Trog
Xom
Zin
The Shining One

Shops:
D:3 (   D:4 ?


Innate Abilities, Weirdness & Mutations

You are small and have problems with some larger weapons.
You are completely attuned to the shadows.


Message History

The gnoll barely misses you.
You hit the gnoll.
The gnoll is heavily wounded.
The gnoll closely misses you. The gnoll barely misses you.
You hit the gnoll.
The gnoll is severely wounded.
A bat comes into view.
The gnoll closely misses you. x2
You hit the gnoll.
The gnoll is almost dead.
The gnoll closely misses you. The gnoll hits you with a +0 flail!
You hit the gnoll but do no damage.
The gnoll is almost dead.
The bat barely misses you. The gnoll hits you with a +0 flail!
The gnoll barely misses you.
You hit the gnoll.
You kill the gnoll!
The bat closely misses you. The gnoll misses you.
Your Fighting skill increases to level 4!
The bat hits you but does no damage.
You hit the bat but do no damage. Your punch misses the bat.
The bat hits you but does no damage. The gnoll completely misses you.
You closely miss the gnoll. The bat misses you.
The gnoll hits you with a +0 flail.
You barely miss the gnoll. The gnoll misses you.
You closely miss the gnoll. The gnoll barely misses you.
You hit the gnoll.
The gnoll is moderately wounded.
The gnoll hits you with a +0 flail.
You hit the gnoll.
The gnoll is heavily wounded.
The bat completely misses you. The bat closely misses you.
You hit the gnoll.
The gnoll is almost dead.
The bat hits you but does no damage. The gnoll hits you with a +0 flail!
* * * LOW HITPOINT WARNING * * *
As you read the scroll of fog, it crumbles to dust.
The scroll dissolves into smoke.
The bat barely misses you. The gnoll hits you with a +0 flail!
You die...

.....### ####.#
#..####.#
#.......#
......####.#####
................
.#.#.##§.#######
....g#§..#
...§b@§§.#
.#.§§#§§##
....§.§§..
........#.
##.#.##.#


You could see a gnoll and a bat.

Vanquished Creatures
  A killer bee zombie (D:5)
  A hound zombie (D:5)
  3 gnolls (D:3)
  An adder (D:5)
  A worm (D:4)
  An endoplasm (D:4)
  A goblin (D:4)
  2 jackals (D:3)
  A kobold (D:4)
  A ball python (D:3)
13 creatures vanquished.

Notes
Turn   | Place    | Note
-------+----------+-------------------------------------------
     0 | D:5      | wormed the Kobold Delver began the quest for the Orb.
     0 | D:5      | Reached XP level 1. HP: 14/14 MP: 1/1
    28 | D:5      | Reached XP level 2. HP: 19/19 MP: 2/2
    53 | D:4      | Found Taeptij's Magic Scroll Shop.
    90 | D:5      | Reached XP level 3. HP: 23/23 MP: 3/3
    97 | D:5      | Reached skill level 7 in Stealth
   146 | D:4      | Found a staircase to the Ecumenical Temple.
   172 | Temple   | Entered the Ecumenical Temple
   826 | D:4      | Reached XP level 4. HP: 29/29 MP: 4/4
   837 | D:3      | Found Petwetel's Antique Weapon Emporium.
  1010 | D:3      | Slain by a gnoll

Illustrated notes

Levels and vault maps discovered:
D:3:      layout_basic, nemelex_spade_bored_becter, serial_shops,
          nicolae_shop_statue_plus
D:4:      layout_loops_corners, palyth_temple_overflow_mages,
          minmay_temple_entry_stoned_glass, serial_shops,
          nicolae_take_the_stairs
D:5:      layout_gridville, nicolae_yredelemnul_corpse_copse,
          gammafunk_temple_overflow_pools, serial_shops, shop,
          ebering_ghost_disaster_area
Temple:   dshaligram_water_room_temple

Skill      XL: |  1  2  3  4 |
---------------+-------------+-----
Short Blades   | 3 |  3.8
Dodging        | 3 |  3.4
Stealth        | 7 |  7.2
Fighting       | 4 |  4.0

Action                   |  1- 3 |  4- 6 || total
-------------------------+-------+-------++-------
Melee: Short sword       |    20 |    18 ||    38
  Use: Scroll            |     2 |     1 ||     3
       Potion            |     1 |       ||     1
 Stab: Sleeping          |     4 |     4 ||     8
Armor: Leather armour    |     7 |     3 ||    10
Dodge: Dodged            |     5 |    17 ||    22
